 Dungeon Crawl Stone Soup version 0.30.1 (webtiles) character file.

Game seed: 16334177559310457450

1444 Dordric the Nimble (level 8, -2/44 HPs)
             Began as a Tengu Warper on July 3, 2023.
             Was a Believer of Okawaru.
             Slain by a black bear (5 damage)
             ... on level 4 of the Dungeon.
             The game lasted 00:10:06 (4855 turns).

Dordric the Nimble (Tengu Warper)                   Turns: 4855, Time: 00:10:06

Health: -2/44      AC: -2    Str: 11    XL:     8   Next: 74%
Magic:  12/12      EV: 19    Int: 13    God:    Okawaru [**....]
Gold:   239        SH:  0    Dex: 17    Spells: 9/11 levels left

rFire   . . .        a - +0 falchion
rCold   . . .        (no shield)
rNeg    . . .        b - +0 leather armour
rPois   .            (helmet restricted)
rElec   .            f - +1 cloak
rCorr   .            (no gloves)
SInv    +            (boots unavailable)
Will    .....        o - amulet of the acrobat
Stlth   +            e - ring of see invisible
HPRegen 0.27/turn    (no ring)
MPRegen 0.13/turn

%: acrobat
@: corroded, flying quickly and evasively, quick
A: beak, talons 3, nimble flight
a: Renounce Religion, Heroism


You were on level 4 of the Dungeon.
You worshipped Okawaru.
Okawaru was pleased with you.
You visited 2 branches of the dungeon, and saw 6 of its levels.

You collected 239 gold pieces.

Inventory:

Hand Weapons
 a - a +0 falchion (weapon)
Missiles
 d - 10 boomerangs of dispersal (quivered)
 p - 7 boomerangs
Armour
 b - a +0 leather armour (worn)
 f - a +1 cloak (worn)
Jewellery
 e - a ring of see invisible (left hand)
 o - an amulet of the acrobat (around neck)
 y - a ring of willpower
Wands
 s - a wand of flame (25)
Scrolls
 c - 3 scrolls of blinking
 g - 2 scrolls of magic mapping
 h - a scroll of fear
 i - 2 scrolls of teleportation
 k - a scroll of identify
 l - 2 scrolls of torment
 n - a scroll of immolation
 v - a scroll of fog
 x - a scroll of vulnerability
Potions
 j - a potion of resistance {unknown}
 m - a potion of lignification {unknown}
 q - 2 potions of haste {unknown}
 r - 2 potions of heal wounds {unknown}
 t - a potion of invisibility {unknown}
 u - 2 potions of curing {unknown}
 w - a potion of magic {unknown}
 z - a potion of degeneration {unknown}
 A - a potion of might {unknown}


   Skills:
 - Level 2.0 Fighting
 + Level 8.4 Long Blades
 - Level 1.0 Throwing
 - Level 1.1 Armour
 + Level 8.4 Dodging
 - Level 2.0 Spellcasting
 - Level 2.4 Translocations


You had 9 spell levels left.
You knew the following spells:

 Your Spells              Type           Power      Damage    Failure   Level
a - Blink                 Tloc           14%        N/A       19%         2

Your spell library contained the following spells:

 Spells                   Type           Power      Damage    Failure   Level
 Lesser Beckoning         Tloc           14%        N/A       19%         2
 Foxfire                  Conj/Fire      4%         2x1d4     32%         1
 Freeze                   Ice            4%         1d3       32%         1
 Teleport Other           Tloc           7%         N/A       36%         3
 Vhi's Electric Charge    Tloc/Air       8%         N/A       52%         3
 Frozen Ramparts          Ice            2%         1d1       69%         3
 Hailstorm                Conj/Ice       1%         3d3       69%         3
 Inner Flame              Hex/Fire       1%         N/A       69%         3
 Manifold Assault         Tloc           7%         N/A       77%         4
 Fireball                 Conj/Fire      0%         3d3       100%        5
 Iskenderun's Battlesphe  Conj           1%         2d6       100%        5


Dungeon Overview and Level Annotations

Branches:
Dungeon (5/15)             Temple (1/1) D:4

Altars:
Dithmenos
Fedhas
Kikubaaqudgha
Makhleb
Okawaru
Vehumet
Xom
Yredelemnul
The Shining One

Shops:
D:2 [

Annotations:
D:4 Eustachio


Innate Abilities, Weirdness & Mutations

You have a beak for a mouth.
You have claws for feet.
Your magical nature lets you fly swiftly and evasively.


Message History

You are too injured to fight recklessly!
You are too injured to fight recklessly!
You are too injured to fight recklessly!
You are too injured to fight recklessly!
You slash the jelly!
You kill the jelly!
Okawaru accepts your kill. The black bear misses you.
The black bear closely misses you. x2
You hit the black bear. You claw the black bear.
The black bear is lightly wounded.
The black bear misses you. The black bear barely misses you.
The black bear closely misses you.
You hit the black bear but do no damage.
The black bear is lightly wounded.
The black bear closely misses you. x3
You barely miss the black bear. You claw the black bear.
Your peck misses the black bear.
The black bear is moderately wounded.
You barely miss the black bear. You peck the black bear.
The black bear is moderately wounded.
The black bear closely misses you. x3
You hit the black bear.
The black bear is heavily wounded.
The black bear completely misses you. The black bear claws you. x2
You hit the black bear. Your peck misses the black bear.
The black bear is heavily wounded.
The black bear barely misses you. The black bear claws you.
* * * LOW HITPOINT WARNING * * *
The black bear barely misses you.
You hit the black bear.
The black bear is severely wounded.
The black bear closely misses you. The black bear claws you.
* * * LOW HITPOINT WARNING * * *
The black bear claws you.
* * * LOW HITPOINT WARNING * * *
You hit the black bear but do no damage.
Your peck misses the black bear.
The black bear is severely wounded.
The black bear bites you.
You die...

...### #.###.# #.# #.#
.....# ###..##.# #.# #5#
...#<# #.......# #.# #.#
#.##.# #.##.#### #.# #.#
#.##.# #.##.# #.# #.#
#.##.# #.##.# #.# #.#
#.##.###.##.######.# #.#
#..................# #.#
###............)@.## #.#
......#####.###.h.######.#
##....#####.# ##.........#
#..........# ###########
############


You could see a black bear.

Vanquished Creatures
  Grinder (D:4)
  An ice beast (D:5)
  A centaur (D:5)
  2 phantoms
  3 scorpions
  A howler monkey (D:4)
  A jelly (D:4)
  2 hounds
  An orc priest (D:3)
  Jessica (D:3)
  8 orc wizards
  5 iguanas
  8 adders
  2 white imps (D:5)
  An ufetubus (D:4)
  2 worms (D:2)
  2 dart slugs
  26 orcs
  7 endoplasms
  7 giant cockroaches
  6 goblins
  9 hobgoblins
  5 jackals
  9 kobolds
  4 quokkas
  9 ball pythons
  7 bats
  3 frilled lizards
  6 rats
140 creatures vanquished.

Notes
Turn   | Place    | Note
-------+----------+-------------------------------------------
     0 | D:1      | Dordric the Tengu Warper began the quest for the Orb.
     0 | D:1      | Reached XP level 1. HP: 12/12 MP: 4/4
    96 | D:1      | Reached XP level 2. HP: 17/17 MP: 6/6
   395 | D:1      | Reached XP level 3. HP: 21/21 MP: 7/7
   665 | D:1      | Learned a level 2 spell: Blink
  1075 | D:2      | Found Nahit's Armour Emporium.
  1172 | D:2      | Reached XP level 4. HP: 15/26 MP: 8/8
  1726 | D:3      | Got Woppoha's Secrets of the Conjured Bonfire
  1934 | D:3      | Gained mutation: Your magical nature lets you fly swiftly
                  | and evasively. [Tengu growth]
  1934 | D:3      | Reached XP level 5. HP: 30/30 MP: 9/9
  2098 | D:3      | Noticed Jessica
  2102 | D:3      | Killed Jessica
  2446 | D:3      | Reached XP level 6. HP: 25/35 MP: 10/10
  2491 | D:3      | Reached skill level 5 in Long Blades
  2491 | D:3      | Reached skill level 5 in Dodging
  2925 | D:4      | Found a staircase to the Ecumenical Temple.
  2961 | Temple   | Entered the Ecumenical Temple
  2979 | Temple   | Became a worshipper of Warmaster Okawaru
  3075 | D:4      | Reached XP level 7. HP: 40/40 MP: 11/11
  3588 | D:5      | Entered Level 5 of the Dungeon
  3976 | D:5      | Noticed Grinder
  4102 | D:4      | Reached * piety under Okawaru
  4109 | D:4      | Reached XP level 8. HP: 40/44 MP: 12/12
  4225 | D:5      | Noticed Eustachio
  4678 | D:4      | Paralysed by Grinder for 5 turns
  4689 | D:4      | Killed Grinder
  4689 | D:4      | Reached ** piety under Okawaru
  4855 | D:4      | Slain by a black bear

Illustrated notes

Levels and vault maps discovered:
D:1:      scummos_arrival_gate, layout_basic
D:2:      layout_basic, serial_shops, shop, minmay_surrounded
D:3:      layout_basic, kennysheep_jessica_study
D:4:      layout_loops_ring, minmay_temple_entry_ruins, minmay_close_crescents
D:5:      cheibrodos_barr_body, layout_rooms, serial_shops,
          nicolae_shop_window_shopping, minmay_chambers_of_fives, uniq_grinder,
          uniq_eustachio
Temple:   nicolae_temple_the_god_donut

Skill      XL: |  1  2  3  4  5  6  7  8 |
---------------+-------------------------+-----
Long Blades    | 3 4 5 7 8 |  8.4
Dodging        | 3 4 5 7 8 |  8.4
Fighting       | |  2.0
Throwing       | |  1.0
Armour         | |  1.1
Spellcasting   | |  2.0
Translocations | |  2.4

Action                     |  1- 3 |  4- 6 |  7- 9 || total
---------------------------+-------+-------+-------++-------
  Melee: Falchion          |   101 |   155 |   187 ||   443
         Kick              |    24 |    35 |    68 ||   127
         Peck              |    13 |    20 |    41 ||    74
         Punch             |     1 |     2 |     2 ||     5
   Cast: Blink             |       |       |     1 ||     1
 Invoke: Heroism           |       |       |     1 ||     1
    Use: Scroll            |       |       |     8 ||     8
   Stab: Sleeping          |     2 |     3 |     1 ||     6
 Armour: Leather armour    |    25 |    27 |    32 ||    84
  Dodge: Dodged            |    85 |    95 |   164 ||   344
